Map: Abyssal Reef LE

Players

GOOCHER

  • Race: Terran Terran
  • League: Platinum
  • Spawn Location: 5:00

Pirateskullz - Winner!

  • Race: Terran Terran
  • League: Platinum
  • Spawn Location: 11:00

VOD

Have the link to the VOD?

Description

Time

  • Played on: June 22, 2017, 12:56 p.m.
  • Length: 10:55
Show
View Real Time Build Order
Export as new Build Order

GOOCHER Terran 

Build Orders:  

Get SALT Encoding   

  12  0:01  SCV  
  13  0:16  Supply Depot  
  13  0:18  SCV  
  14  0:33  SCV  
  15  0:37  Refinery  
  15  0:43  Barracks  
  15  0:47  SCV  
  16  1:04  Barracks  
  16  1:07  SCV  
  17  1:19  SCV  
  18  1:28  Refinery  
  18  1:31  Reaper  
  19  1:37  Supply Depot  
  19  1:39  SCV  
  20  1:52  Reaper  
  21  1:57  SCV  
  22  2:14  Barracks Tech Lab  
  22  2:17  Orbital Command  
  22  2:20  Factory  
  22  2:28  Barracks Reactor  
  22  3:12  Command Center  
  21  3:14  Factory Tech Lab  
  21  3:16  Marine x2  
  23  3:27  Bunker  
  23  3:35  Siege Tank  
  23  3:41  Marine  
  27  3:45  SCV  
  28  3:52  Marine  
  28  3:54  Marine  
  30  3:58  SCV  
  31  4:05  Supply Depot  
  31  4:15  Marine x2  
  33  4:19  Marine  
  34  4:26  Stimpack  
  34  4:30  SCV  
  35  4:40  Starport  
  35  4:45  Marine  
  35  4:46  Marine  
  35  4:47  Marine  
  41  4:52  Siege Tank  
  41  4:59  SCV  
  42  5:11  SCV  
  43  5:25  Marine x2  
  45  5:33  Marine  
  46  5:37  Starport Reactor  
  46  5:40  Orbital Command  
  47  5:42  SCV  
  47  5:43  Marine  
  48  5:55  SCV  
  29  6:28  Marine x3  
  26  6:38  Barracks  
  25  6:46  Marine x2  
  26  6:47  SCV  
  27  6:59  SCV  
  28  7:10  Marine x3  
  28  7:11  SCV  
  28  7:14  Medivac  
  34  7:16  SCV  
  35  7:23  SCV  
  35  7:28  SCV  
  36  7:38  Siege Tank  
  36  7:41  Marine x2  
  36  7:42  Barracks Reactor  
  41  7:49  Barracks  
  41  7:53  SCV x2  
  41  7:54  Medivac  
  45  7:58  Marine  
  45  7:59  Marine  
  43  8:47  Marine x5  
  48  8:48  Medivac  
  48  8:50  Siege Tank  
  53  9:04  Marine  
  53  9:05  Marine x4  
  54  9:22  Marine x2  
  54  9:23  Marine x2  
  28  10:01  Orbital Command  
  21  10:18  Orbital Command  
Show
View Real Time Build Order
Export as new Build Order

Pirateskullz Terran - Winner!

Build Orders: MMM Bio 

Get SALT Encoding   

  12  0:01  SCV  
  13  0:13  SCV  
  14  0:19  Supply Depot  
  14  0:25  SCV  
  15  0:40  SCV  
  15  0:42  Barracks  
  16  0:46  Refinery  
  16  0:54  SCV  
  17  1:02  Barracks  
  17  1:06  SCV  
  18  1:18  SCV  
  19  1:31  Refinery  
  19  1:32  Orbital Command  
  19  1:37  Barracks Reactor  
  19  1:49  Barracks Tech Lab  
  19  1:52  Engineering Bay  
  19  1:57  SCV  
  20  2:10  SCV  
  20  2:14  Supply Depot, Marine  
  20  2:15  Marine  
  21  2:22  SCV  
  23  2:35  Marine x2  
  25  2:37  Factory  
  25  2:42  Marine  
  26  2:49  Engineering Bay  
  26  2:51  SCV  
  27  3:00  Supply Depot  
  26  3:09  Marine x2  
  26  3:10  Marine  
  29  3:22  Starport  
  29  3:24  Factory Reactor  
  29  3:31  Marine x2  
  31  3:36  Terran Infantry Weapons Level 1  
  31  3:43  Stimpack  
  31  3:46  Marine  
  32  3:48  SCV  
  33  3:56  Terran Infantry Armor Level 1  
  33  4:01  Supply Depot  
  33  4:04  SCV  
  34  4:15  Factory Tech Lab  
  34  4:16  SCV  
  35  4:19  Medivac  
  35  4:23  Medivac  
  39  4:26  Marine x2  
  39  4:29  Marine  
  42  4:37  Siege Tank  
  45  4:44  Supply Depot  
  45  4:52  Medivac  
  47  5:05  Marine x2  
  49  5:15  Command Center  
  48  5:36  SCV  
  48  5:39  Marine x2  
  48  5:40  Marauder  
  53  5:48  SCV  
  49  6:16  Marine x3  
  49  6:18  SCV  
  51  6:20  Medivac  
  51  6:21  Medivac  
  44  6:34  Marauder  
  46  6:43  Marine  
  46  6:44  Marine  
  46  6:45  Siege Tank  
  51  6:52  SCV  
  52  6:56  Marauder  
  53  7:01  Marine x2  
  53  7:06  SCV  
  54  7:17  Marine  
  54  7:18  Viking x2  
  54  7:19  Marine  
  54  7:20  Marine  
  54  7:21  Siege Tank  
  64  7:27  SCV  
  64  7:28  Combat Shields  
  65  7:37  Orbital Command  
  65  7:39  Marine  
  65  7:40  SCV  
  67  7:48  Marine x2  
  69  7:52  SCV  
  70  8:07  Marauder  
  72  8:17  Liberator x2  
  72  8:31  Marine x3  
  75  8:35  SCV x2  
  75  8:38  Supply Depot  
  83  8:43  Supply Depot  
  83  8:49  Marauder  
  79  9:23  Marine  
  80  9:26  Marine  
  80  9:27  Marine  
  80  9:29  Viking x2  
  83  9:41  Marine  
  82  9:56  Marine x2  
  57  10:27  Orbital Command  
Tags
 
Composition
MMM Bio
Matchup
TvT
Race
Terran
Spawn Locations
Cross Positions
Add a new tag
Caveats
  • Supply blocks, unpowered buildings, or Contaminate may cause inaccurate times.
  • Supply counts are checked every 10 seconds.